 Dungeon Crawl Stone Soup version 0.17.1-1-g73c8601 (webtiles) character file.

8807 Miyamura the Nimble (level 11, -8/84 HPs)
             Began as a Vampire Ice Elementalist on Dec 25, 2015.
             Was a High Priest of Makhleb.
             Shot with an arrow of frost by a minotaur (13 damage)
             ... in a labyrinth.
             The game lasted 00:47:31 (11373 turns).

Miyamura the Nimble (Vampire Ice Elementalist)     Turns: 11373, Time: 00:47:31

Health: -8/84      AC:  9    Str:  8    XL:     11   Next: 14%
Magic:  8/22       EV: 27    Int: 27    God:    Makhleb [*****.]
Gold:   237        SH:  0    Dex: 25    Spells: 4 memorised, 12 levels left

rFire  . . .     SeeInvis +     v - +7 dagger of Dung {pain, rElec Int-2 Dex+6 SInv}
rCold  . . .     Clarity  .     D - +2 robe "Metomila" {+Fly rPois Regen+ Int+4}
rNeg   + + +     SustAt   .     (no shield)
rPois  +         Gourm    .     Y - +0 helmet
rElec  +         Spirit   .     t - +1 cloak
rCorr  .         Warding  .     L - +1 pair of gloves {archery}
rMut   +         NoTele   +     (no boots)
MR     +++..                    P - amulet of Pymew {rMut -Tele rN+++ MR+ Stlth+}
Stlth  ++++++....               q - +4 ring of intelligence
                                G - ring of protection from magic

@: agile, very slightly contaminated, regenerating quickly, extremely resistant
to hostile enchantments, very stealthy
A: fangs 3, see invisible, unbreathing
a: Minor Destruction, Lesser Servant of Makhleb, Major Destruction, Greater
Servant of Makhleb, Renounce Religion, Evoke Flight


You were in a labyrinth.
You worshipped Makhleb.
Makhleb was extremely pleased with you.
You were very full.

You visited 3 branches of the dungeon, and saw 13 of its levels.
You also visited: Labyrinth.

You collected 719 gold pieces.
You spent 482 gold pieces at shops.

Inventory:

Hand Weapons
 v - the +7 dagger of Dung (weapon) {pain, rElec Int-2 Dex+6 SInv}
   (You found it on level 4 of the Dungeon)

   In the hands of one skilled in necromantic magic, it inflicts extra damage on
   living creatures.
   It affects your intelligence (-2).
   It affects your dexterity (+6).
   It insulates you from electricity.
   It lets you see invisible.
 y - a +0 long sword
 E - the +5 whip of Wejoudap {speed, +Blink rElec SInv}
   (You found it on level 5 of the Dungeon)

   Attacks with this weapon are significantly faster.
   It insulates you from electricity.
   It lets you see invisible.
   It lets you blink.
Missiles
 l - 3 curare-tipped needles
 u - 5 javelins of penetration (quivered)
Armour
 k - a +0 large shield
 p - a +0 shield
 t - a +1 cloak (worn)
 D - the +2 robe "Metomila" (worn) {+Fly rPois Regen+ Int+4}
   (You bought it in a shop on level 5 of the Dungeon)

   It affects your intelligence (+4).
   It protects you from poison.
   It lets you fly.
   It increases your rate of regeneration.
 L - a +1 pair of gloves of archery (worn)
 Y - a +0 helmet (worn)
Jewellery
 g - an uncursed ring of ice
 j - an uncursed ring of fire
 o - a +4 ring of strength
 q - a +4 ring of intelligence (right hand)
 G - a ring of protection from magic (left hand)
 O - an uncursed ring of magical power
 P - the amulet of Pymew (around neck) {rMut -Tele rN+++ MR+ Stlth+}
   (You found it on level 8 of the Dungeon)

   [amulet of resist mutation]

   It protects you from mutation.
   It renders you almost immune to negative energy.
   It affects your resistance to hostile enchantments.
   It prevents most forms of teleportation.
   It makes you more stealthy.
 R - an uncursed amulet of clarity {unknown}
 X - an uncursed ring of protection from cold {unknown}
Wands
 x - a wand of frost (7)
 A - a wand of fireball (15)
 W - a wand of cold (7)
Scrolls
 e - a scroll of enchant armour
 B - 2 scrolls of fear
 C - a scroll of fog
 F - a scroll of enchant weapon
 H - a scroll of teleportation
 N - 3 scrolls of remove curse
 S - 2 scrolls of amnesia
 V - a scroll of recharging
Potions
 a - 2 potions of berserk rage
 c - 26 potions of blood
 d - 3 potions of might {unknown}
 f - a potion of lignification {unknown}
 h - 4 potions of agility
 i - 2 potions of magic {unknown}
 m - a potion of flight {unknown}
 n - 3 potions of cancellation {unknown}
 r - 4 potions of poison {unknown}
 s - 4 potions of curing
 w - a potion of cure mutation {unknown}
 z - 2 potions of brilliance {unknown}
 K - a potion of mutation {unknown}
 T - a potion of degeneration {unknown}
Books
 b - a book of Frost

   Spells                             Type                      Level
   a - Freeze                         Ice                          1
   b - Throw Frost                    Conjuration/Ice              2
   c - Ozocubu's Armour               Charms/Ice                   3
   d - Throw Icicle                   Conjuration/Ice              4
   e - Summon Ice Beast               Ice/Summoning                4
   f - Condensation Shield            Ice                          4
 I - a Grand Grimoire

   Spells                             Type                      Level
   a - Monstrous Menagerie            Summoning                    6
   b - Summon Greater Demon           Summoning                    7
   c - Malign Gateway                 Summoning/Translocation      7
   d - Summon Horrible Things         Summoning                    8
 M - a book of Beasts

   Spells                             Type                      Level
   a - Summon Butterflies             Summoning                    1
   b - Call Canine Familiar           Summoning                    3
   c - Summon Ice Beast               Ice/Summoning                4
   d - Summon Mana Viper              Hexes/Summoning              5
   e - Summon Hydra                   Summoning                    7
 U - a book of Air

   Spells                             Type                      Level
   a - Shock                          Conjuration/Air              1
   b - Swiftness                      Charms/Air                   2
   c - Repel Missiles                 Charms/Air                   2
   d - Static Discharge               Conjuration/Air              3
   e - Lightning Bolt                 Conjuration/Air              5


   Skills:
 + Level 7.2 Fighting
 + Level 7.6 Short Blades
 - Level 0.2(4.2) Long Blades
 + Level 9.0 Dodging
 - Level 4.6 Stealth
 + Level 7.4 Spellcasting
 - Level 0.6 Conjurations
 + Level 4.9 Summonings
 - Level 6.7 Ice Magic


You had 12 spell levels left.
You knew the following spells:

 Your Spells              Type           Power        Failure   Level  Hunger
a - Freeze                Ice            ####         1%          1    None
b - Ozocubu's Armour      Chrm/Ice       ####....     4%          3    None
i - Throw Icicle          Conj/Ice       ####....     14%         4    ##.....
s - Summon Ice Beast      Ice/Summ       #####...     6%          4    ##.....


Dungeon Overview and Level Annotations

Branches:
Dungeon (11/15)            Temple (1/1) D:6            Lair (1/8) D:11
    Orc: D:9-12

Altars:
Ashenzari
Cheibriados
Dithmenos
Elyvilon
Fedhas
Gozag
Kikubaaqudgha
Makhleb
Nemelex Xobeh
Okawaru
Qazlal
Ru
Sif Muna
Trog
Vehumet
Xom
Yredelemnul
Zin
The Shining One

Shops:
D:5 [   D:9 **

Portals:
Trove: D:10 (give +6 demon whip)


Innate Abilities, Weirdness & Mutations

Your natural rate of healing is unusually fast.
You have razor-sharp teeth.
You have supernaturally acute eyesight.
You can survive without breathing.


Message History

The minotaur shoots an arrow of frost.
The arrow of frost hits your ice beast!!
Your ice beast hits the minotaur but does no damage.
Your ice beast hits the minotaur.
Your ice beast freezes the minotaur!
You flicker for a moment.
The minotaur hits your ice beast with an uncursed eveningstar!!
Your ice beast dies!
You flicker back into view.
The minotaur bellows!
The minotaur unwields an uncursed eveningstar.
The minotaur wields a shortbow of freezing.
It is covered in frost.
The minotaur shoots an arrow of frost.
The arrow of frost hits you! The arrow of frost freezes you!
You see here an arrow of frost.
The minotaur shoots an arrow of frost.
The arrow of frost completely misses you.
The minotaur shoots an arrow of frost.
The arrow of frost hits you!!!
* * * LOW HITPOINT WARNING * * *
The arrow of frost freezes you!
You die...

###### #.....#
#.###.#####
#@#.#.#...#
#.#.#.#. # #
#.(.#...#.#.#
###.#####. #
#.#.....(.#.....#
.#.##'##(#H## ##
#... H8 ...# ##
#####.# ..#.### .
...# #8.8#.#


You could see a minotaur.

Vanquished Creatures
  Pikel (D:7)
  A hill giant (D:7)
  A gargoyle (D:10)
  A spiny frog (Lair:1)
  A guardian mummy (D:10)
  A two-headed ogre (D:11)
  A yak (D:11)
  A spriggan (D:7)
  A trapdoor spider (D:10)
  A wyvern (D:11)
  A hippogriff (D:11)
  A deep elf fighter (D:11)
  Edmund (D:5)
  3 water moccasins
  A wasp (D:10)
  An orc warrior (D:8)
  An ice beast (D:8)
  2 porcupines (Lair:1)
  4 slaves (D:7)
  2 eyes of draining
  6 ogres
  A black bear (D:6)
  3 phantoms
  2 sky beasts
  A necrophage (D:8)
  3 centaurs
  5 giant frogs
  A wyvern zombie (D:8)
  A gnoll sergeant (D:7)
  3 scorpions
  10 killer bees
  3 wights (D:10)
  A centaur zombie (D:6)
  3 crimson imps
  A giant frog zombie (D:6)
  3 jellies
  A gnoll shaman (D:5)
  An orc priest (D:5)
  Ijyb (D:4)
  3 hounds
  Jessica (D:3)
  An iguana (D:9)
  8 orc wizards
  5 worker ants
  A hound zombie (D:8)
  A worker ant zombie (D:5)
  19 gnolls
  Robin (D:3)
  A hound skeleton (D:10)
  3 river rats (D:11)
  9 adders
  4 shadow imps
  3 worms
  4 giant geckos
  34 orcs
  6 giant cockroaches
  11 hobgoblins
  10 kobolds
  6 quokkas
  A ball python (D:6)
  A ball python skeleton (D:5)
  19 bats
  3 giant newts
  25 goblins
  7 jackals
  20 rats
  3 fungi
287 creatures vanquished.

Vanquished Creatures (collateral kills)
  2 hydras
  A komodo dragon (Lair:1)
  A troll (D:11)
  2 yaks (D:11)
  Menkaure (D:7)
  An ogre (D:11)
  A crocodile (D:11)
  A scorpion (D:11)
  A killer bee (D:11)
  2 orcs (D:11)
  3 bats (D:11)
  4 rats (D:11)
  2 fungi (D:11)
  A plant (D:11)
23 creatures vanquished.

Grand Total: 310 creatures vanquished

Notes
Turn   | Place    | Note
--------------------------------------------------------------
     0 | D:1      | Miyamura the Vampire Ice Elementalist began the quest for the Orb.
     0 | D:1      | Reached XP level 1. HP: 13/13 MP: 3/3
   225 | D:1      | Reached XP level 2. HP: 20/20 MP: 5/5
   563 | D:1      | Reached XP level 3. HP: 20/25 MP: 0/6
  1102 | D:2      | Learned a level 3 spell: Ozocubu's Armour
  1174 | D:2      | Reached skill level 1 in Fighting
  1464 | D:2      | Reached XP level 4. HP: 32/32 MP: 3/8
  1579 | D:2      | Found a bloodstained altar of Trog.
  2156 | D:3      | Learned a level 4 spell: Summon Ice Beast
  2279 | D:3      | Reached skill level 4 in Stealth
  2473 | D:3      | Noticed Jessica
  2588 | D:3      | Killed Jessica
  2588 | D:3      | Reached XP level 5. HP: 26/38 MP: 5/9
  2661 | D:3      | Noticed Robin
  2671 | D:3      | Killed Robin
  3333 | D:4      | Got a faintly glowing dagger
  3334 | D:4      | Identified the +7 dagger of Dung {pain, rElec Int-2 Dex+6 SInv} (You found it on level 4 of the Dungeon)
  3466 | D:4      | Noticed an ogre
  3474 | D:4      | Killed an ogre
  3474 | D:4      | Reached skill level 1 in Short Blades
  3474 | D:4      | Reached XP level 6. HP: 38/46 MP: 10/10
  3734 | D:4      | Noticed Ijyb
  3747 | D:4      | Killed Ijyb
  4311 | D:4      | Found a burning altar of Makhleb.
  4317 | D:4      | Became a worshipper of Makhleb the Destroyer
  4348 | D:5      | Entered Level 5 of the Dungeon
  4377 | D:5      | Found Livaug's Antique Armour Shop.
  4383 | D:5      | Bought a smoking robe for 125 gold pieces
  4393 | D:5      | Identified the +2 robe "Metomila" {+Fly rPois Regen+ Int+4} (You bought it in a shop on level 5 of the Dungeon)
  4578 | D:5      | Found an iron altar of Okawaru.
  4667 | D:5      | Got a steaming whip
  4668 | D:5      | Found a snail-covered altar of Cheibriados.
  4668 | D:5      | Found a stormy altar of Qazlal.
  4668 | D:5      | Found a basalt altar of Yredelemnul.
  4669 | D:5      | Found a radiant altar of Vehumet.
  4801 | D:5      | Reached XP level 7. HP: 47/51 MP: 8/12
  4855 | D:5      | Identified the +5 whip of Wejoudap {speed, +Blink rElec SInv} (You found it on level 5 of the Dungeon)
  4981 | D:5      | Noticed Edmund
  4991 | D:5      | Killed Edmund
  5152 | D:5      | Reached * piety under Makhleb
  5320 | D:5      | Reached skill level 5 in Ice Magic
  5490 | D:6      | Reached XP level 8. HP: 59/59 MP: 5/14
  5698 | D:6      | Reached skill level 5 in Dodging
  5858 | D:6      | Learned a level 4 spell: Throw Icicle
  6078 | D:6      | Reached skill level 5 in Spellcasting
  6086 | D:6      | Reached ** piety under Makhleb
  6113 | D:6      | Found a staircase to the Ecumenical Temple.
  6124 | Temple   | Entered the Ecumenical Temple
  6641 | D:5      | Bought a pair of glowing gloves for 99 gold pieces
  6690 | D:7      | Reached skill level 6 in Dodging
  6690 | D:7      | Reached XP level 9. HP: 66/66 MP: 16/16
  6768 | D:7      | Noticed Pikel
  6814 | D:7      | Killed Pikel
  6814 | D:7      | Reached skill level 5 in Fighting
  6814 | D:7      | Reached skill level 5 in Short Blades
  6968 | D:7      | Noticed a hill giant
  6986 | D:7      | Killed a hill giant
  7023 | D:7      | Found a deep blue altar of Sif Muna.
  7108 | D:7      | Noticed Menkaure
  7116 | D:7      | Killed Menkaure
  7211 | D:8      | Found a burning altar of Makhleb.
  7297 | D:8      | Reached skill level 7 in Dodging
  7415 | D:8      | Reached skill level 1 in Summonings
  7691 | D:8      | Got a crude ruby amulet
  7707 | D:8      | Identified the amulet of Pymew {rMut -Tele rN+++ MR+ Stlth+} (You found it on level 8 of the Dungeon)
  7995 | D:9      | Found Iciome's Assorted Antiques.
  8053 | D:9      | Reached *** piety under Makhleb
  8075 | D:9      | Reached XP level 10. HP: 47/76 MP: 6/19
  8159 | D:9      | Bought 2 fuming coppery potions for 48 gold pieces
  8159 | D:9      | Bought a scroll labeled NUWOLAYSTRO for 27 gold pieces
  8159 | D:9      | Bought a hat for 108 gold pieces
  8439 | D:9      | Found Fupeump's General Store.
  8447 | D:9      | Bought a potion of berserk rage for 75 gold pieces
  8724 | D:10     | Entered Level 10 of the Dungeon
  8850 | D:10     | Found a shadowy altar of Dithmenos.
  9312 | D:10     | Found a portal to a secret trove of treasure.
  9364 | D:10     | Reached skill level 8 in Dodging
  9515 | D:11     | Reached **** piety under Makhleb
  9694 | D:11     | Found a staircase to the Lair.
  9955 | D:11     | Reached ***** piety under Makhleb
 10338 | D:11     | Noticed a six-headed hydra
 10347 | D:11     | Killed a six-headed hydra
 10622 | D:11     | Reached XP level 11. HP: 84/84 MP: 21/21
 10787 | Lair:1   | Entered Level 1 of the Lair of Beasts
 10890 | Lair:1   | Noticed a four-headed hydra
 10899 | Lair:1   | Killed a four-headed hydra
 10899 | Lair:1   | Reached skill level 9 in Dodging
 10901 | Lair:1   | Found a labyrinth entrance.
 10915 | Lab      | Entered a labyrinth
 11339 | Lab      | Noticed a minotaur
 11373 | Lab      | Shot with an arrow of frost by a minotaur

Action                   |  1- 3 |  4- 6 |  7- 9 | 10-12 || total
-------------------------+-------+-------+-------+-------++-------
Melee: Unarmed           |    73 |    15 |       |       ||    88
       Short sword       |       |    48 |       |       ||    48
       Dagger            |       |    66 |   348 |   342 ||   756
 Cast: Freeze            |    47 |    80 |    66 |    14 ||   207
       Ozocubu's Armour  |     1 |       |     5 |     6 ||    12
       Summon Ice Beast  |       |       |     6 |    26 ||    32
  Use: Potion            |     7 |    19 |    20 |    21 ||    67
       Scroll            |     3 |     9 |     7 |     6 ||    25
 Stab: Sleeping          |     7 |     9 |    13 |    13 ||    42
       Distracted        |       |     2 |     2 |     3 ||     7
